 Dungeon Crawl Stone Soup version 0.26-a0-661-g406de6ba63 (webtiles) character file.

Game seed: 16879447091996505681

20 ringo67 the Shield-Bearer (level 2, -4/27 HPs)
             Began as a Deep Dwarf Fighter on Oct 9, 2020.
             Succumbed to Sigmund's poison
             ... on level 2 of the Dungeon.
             The game lasted 00:00:38 (357 turns).

ringo67 the Shield-Bearer (Deep Dwarf Fighter)       Turns: 357, Time: 00:00:38

Health: -4/27      AC:  6    Str: 19    XL:     2   Next: 58%
Magic:  1/1        EV:  7    Int:  8    God:
Gold:   61         SH:  9    Dex: 12    Spells: 1/1 levels left

rFire    . . .     SeeInvis .   a - +0 war axe
rCold    . . .     Faith    .   c - +0 kite shield
rNeg     . . .     Spirit   .   b - +0 scale mail
rPois    .         Reflect  .   (no helmet)
rElec    .         Harm     .   (no cloak)
rCorr    .         Rampage  .   (no gloves)
MR       .....                  (no boots)
Stlth    ..........             (no amulet)
HPRegen  0.00/turn              (no ring)
MPRegen  0.07/turn              (no ring)

@: lethally poisoned (-4 -> -34), non-regenerating
A: damage resistance, heal wounds, sense surroundings 1, no regeneration
a: Heal Wounds


You were on level 2 of the Dungeon.
You visited 1 branch of the dungeon, and saw 2 of its levels.

You collected 61 gold pieces.

Inventory:

Hand Weapons
 a - a +0 war axe (weapon)
Armour
 b - a +0 scale mail (worn)
 c - a +0 kite shield (worn)
Jewellery
 e - an uncursed ring of magical power {unknown}
Scrolls
 g - a scroll of amnesia {unknown}
 h - a scroll of enchant weapon {unknown}
Potions
 d - a potion of might
 f - a potion of heal wounds {unknown}
 i - a potion of curing {unknown}


   Skills:
 * Level 2.9 Fighting
 * Level 2.8 Axes
 + Level 3.4 Armour
 + Level 3.5 Shields


You had one spell level left.
You didn't know any spells.
Your spell library was empty.

Dungeon Overview and Level Annotations

Branches:
Dungeon (2/15)

Altars:

Annotations:
D:2 Sigmund


Innate Abilities, Weirdness & Mutations

You are resistant to damage.
You can heal yourself by infusing magical energy.
You passively map a small area around you.
You do not regenerate.


Message History

You are more poisoned.
You hit something but do no damage.
You feel very sick.
You completely miss something.
You feel very sick. Something hits you.
You are lethally poisoned!
You barely miss something.
* * * LOW HITPOINT WARNING * * *
You feel very sick. Something hits you.
* * * LOW HITPOINT WARNING * * *
You are more poisoned.
You barely miss something.
* * * LOW HITPOINT WARNING * * *
You feel very sick. Something hits you but does no damage.
You are more poisoned.
You miss something.
You die...

* , , , ##### * , , , ,...# *
*, #######.######## ,
@..............# * **
*########{######.###### ,
.......@.##..........#**
####################.###.####.#
...................#.....#
#.#*,
##########..######.#######
#.#*, ,..............#.# #.# ,
, *########.#.##.#.# #.#* , *
#.#....#># #.#* ,
,####.#......##########.##
#.............(.........#


There were no monsters in sight!

Vanquished Creatures
  An adder (D:2)
  A giant cockroach (D:1)
  A goblin (D:1)
  3 hobgoblins (D:1)
  A bat (D:1)
  3 frilled lizards (D:1)
  A kobold (D:1)
  A rat (D:1)
12 creatures vanquished.

Notes
Turn   | Place    | Note
-------+----------+-------------------------------------------
     0 | D:1      | ringo67 the Deep Dwarf Fighter began the quest for the Orb.
     0 | D:1      | Reached XP level 1. HP: 20/20 MP: 1/1
   159 | D:1      | Reached XP level 2. HP: 27/27 MP: 2/2
   339 | D:2      | Noticed Sigmund
   356 | D:2      | HP: 1/27 [poisoned by Sigmund]
   357 | D:2      | Succumbed to Sigmund's poison

Illustrated notes

Levels and vault maps discovered:
D:1:      kilobyte_arrival_exit_the_forest, layout_loops_ring,
          minmay_misc_feat_roman, kennysheep_decorative_pillar
D:2:      layout_basic, grunt_gozag_breadcrumbs, corexii_corridor_pit,
          uniq_jessica, uniq_sigmund, uniq_terence

Action                   || total
-------------------------++-------
Melee: War axe           ||    40
 Abil: Heal Wounds       ||     1
Armor: Scale mail        ||    14
Dodge: Dodged            ||     9
Block: Kite shield       ||    10

Table legend: (Time is in decaauts)
 A = Elapsed time spent in this place.
 B = Non-inter-level travel time spent in this place.
 C = Inter-level travel time spent in this place.
 D = Time resting spent in this place.
 E = Time spent auto-exploring this place.
 F = Levels seen in this place.
 G = Mean time per level.
                   A        B        C        D        E       F      G
               +--------+--------+--------+--------+--------+-----+--------+
         Total |    375 |    373 |      2 |      0 |    269 |   2 |  187.5 |
       Dungeon |    375 |    373 |      2 |      0 |    269 |   2 |  187.5 |
               +--------+--------+--------+--------+--------+-----+--------+

Top non-repeatable levels by time:
     D:1: 267 daAuts
     D:2: 107 daAuts
